AoeStats
← Lord San

Arabia

510046981Analyzed
1v1 RM · 3d ago on Sep 29, 2026· 36m 44s· 2 players
Game mode
Random Map
Map size
Tiny (2 player)
Population
200
Speed
Normal
Resources
Standard
Victory
Conquest
Starting age
Dark Age
Ending age
Imperial Age
RankedLock teamsTeams togetherTeam positionsShared explorationLock speedFull tech treeHidden civsTurbo modeCheats
Victory
Defeat
🇦🇷 Varangians · Argentina
1499
+12
🇦🇷 Goths · Argentina
1418
-12
FernecitoBranca
3:15 Loom
9:39 Feudal Age
9:46 Man-at-Arms
10:47 Double-Bit Axe
16:02 Forging
17:34 Horse Collar
23:13 Castle Age
22:33 Fletching
23:20 Long Swordsman
24:25 Padded Archer Armor
25:07 Squires
26:39 Elite Skirmisher
30:15 Pikeman
30:23 Pikeman
31:09 Scale Mail Armor
32:52 Wheelbarrow
34:51 Bow Saw
35:46 Gold Mining
Lord San
6:29 Loom
8:55 Feudal Age
9:25 Double-Bit Axe
18:23 Fletching
18:43 Gold Mining
18:58 Horse Collar
21:51 Wheelbarrow
24:46 Castle Age
23:13 Padded Archer Armor
24:20 Bloodlines
25:19 Scale Barding Armor
25:25 Forging
25:30 Bodkin Arrow
24:57 Crossbowman
26:17 Bow Saw
27:38 Husbandry
27:48 Scale Barding Armor
30:35 Heavy Plow
30:27 Stone Mining
31:42 Forging
32:09 Town Watch
32:39 Hand Cart
Connection lost

Rejoining the realm…

Still unreachable

The connection could not be restored.

Session expired

The server has moved on; the page needs a fresh start.